| TOP OF THE 1ST |
|
Oklahoma City Dodgers batting - Pitching for Gwinnett Braves : RHP Adam Reynolds
|
|
Pitching: RHP Adam Reynolds
|
|
|
Batting: RHB Curt Earnest
|
0-0: Ball 1-0: Fly out, F9 (Flyball, 9S, EV 85.6 MPH)
|
|
Batting: RHB Theo Schepers
|
0-0: Ground out 5-3 (Groundball, 56S, EV 83.1 MPH)
|
|
Batting: LHB Jose Robles
|
0-0: Foul Ball, location: 2F 0-1: Ground out U3 (Groundball, 3, EV 87.5 MPH)
|
| Top of the 1st over - 0 runs, 0 hits, 0 errors, 0 left on base; Oklahoma City 0 - Gwinnett 0 |
| BOTTOM OF THE 1ST |
|
Gwinnett Braves batting - Pitching for Oklahoma City Dodgers : RHP Santiago Montero
|
|
Pitching: RHP Santiago Montero
|
|
|
Batting: RHB Nate Taylor
|
0-0: Ball 1-0: Ball 2-0: Ball 3-0: Called Strike 3-1: Base on Balls
|
|
Batting: RHB Edgar Castillo
|
0-0: Called Strike 0-1: Ball 1-1: Swinging Strike 1-2: Foul Ball, location: 2F 1-2: Ball 2-2: Fly out, F9 (Line Drive, 9S, EV 93.1 MPH)
|
|
Batting: LHB David Bramble
|
0-0: Called Strike Nate Taylor is caught stealing 2nd base 2-6 0-1: Swinging Strike 0-2: Strikes out swinging
|
| Bottom of the 1st over - 0 runs, 0 hits, 0 errors, 0 left on base; Oklahoma City 0 - Gwinnett 0 |
| TOP OF THE 2ND |
|
Oklahoma City Dodgers batting - Pitching for Gwinnett Braves : RHP Adam Reynolds
|
|
Batting: LHB Steve Pond
|
0-0: Ball 1-0: Ball 2-0: Ball 3-0: Called Strike 3-1: Foul Ball, location: 2F 3-2: Foul Ball, location: 2F 3-2: Strikes out swinging
|
|
Batting: LHB Chris Fandino
|
0-0: Called Strike 0-1: Ball 1-1: Ground out 5-3 (Groundball, 5L, EV 105.0 MPH)
|
|
Batting: RHB Jeremy Giesler
|
0-0: Ball 1-0: Fly out, F7 (Flyball, 7D, EV 95.6 MPH)
|
| Top of the 2nd over - 0 runs, 0 hits, 0 errors, 0 left on base; Oklahoma City 0 - Gwinnett 0 |
| BOTTOM OF THE 2ND |
|
Gwinnett Braves batting - Pitching for Oklahoma City Dodgers : RHP Santiago Montero
|
|
Batting: SHB Bob Morales
|
0-0: Called Strike 0-1: Ball 1-1: Swinging Strike 1-2: Strikes out looking
|
|
Batting: SHB Brian Bagley
|
0-0: Called Strike 0-1: Foul Ball, location: 2F 0-2: Strikes out swinging
|
|
Batting: LHB Chris Locklear
|
0-0: Called Strike 0-1: Ball 1-1: Ball 2-1: Foul Ball, location: 2F 2-2: Strikes out swinging
|
| Bottom of the 2nd over - 0 runs, 0 hits, 0 errors, 0 left on base; Oklahoma City 0 - Gwinnett 0 |
| TOP OF THE 3RD |
|
Oklahoma City Dodgers batting - Pitching for Gwinnett Braves : RHP Adam Reynolds
|
|
Batting: LHB Darrell Ortega
|
0-0: Ball 1-0: Called Strike 1-1: Swinging Strike 1-2: Ground out U3 (Groundball, 3, EV 81.2 MPH)
|
|
Batting: RHB Mike Dodson
|
0-0: Swinging Strike 0-1: Swinging Strike 0-2: Ball 1-2: Strikes out swinging
|
|
Batting: RHB Carlos Talavera
|
0-0: Swinging Strike 0-1: Ball 1-1: Swinging Strike 1-2: Foul Ball, location: 2F 1-2: Ball 2-2: Foul Ball, location: 2F 2-2: Strikes out swinging, 2-3 out at first.
|
| Top of the 3rd over - 0 runs, 0 hits, 0 errors, 0 left on base; Oklahoma City 0 - Gwinnett 0 |
| BOTTOM OF THE 3RD |
|
Gwinnett Braves batting - Pitching for Oklahoma City Dodgers : RHP Santiago Montero
|
|
Batting: RHB Alex Munoz
|
0-0: Fly out, F7 (Flyball, 78S, EV 87.5 MPH)
|
|
Batting: RHB John Peterson
|
0-0: Ground out 5-3 (Groundball, 56, EV 88.1 MPH)
|
|
Batting: RHB Mike Meeker
|
0-0: Called Strike 0-1: Fly out, F8 (Flyball, 8LD, EV 101.2 MPH)
|
| Bottom of the 3rd over - 0 runs, 0 hits, 0 errors, 0 left on base; Oklahoma City 0 - Gwinnett 0 |
| TOP OF THE 4TH |
|
Oklahoma City Dodgers batting - Pitching for Gwinnett Braves : RHP Adam Reynolds
|
|
Batting: RHB Curt Earnest
|
0-0: Ball 1-0: SINGLE (Line Drive, 34, EV 103.1 MPH)
|
|
Batting: RHB Theo Schepers
|
0-0: Ball Curt Earnest is caught stealing 2nd base 2-4 1-0: Called Strike 1-1: SINGLE (Line Drive, 4MD, EV 101.2 MPH)
|
|
Batting: LHB Jose Robles
|
0-0: Ball 1-0: Swinging Strike Theo Schepers steals 2nd base 1-1: Ball 2-1: Ball 3-1: Called Strike 3-2: Strikes out swinging
|
|
Batting: LHB Steve Pond
|
0-0: Ball 1-0: Fly out, F7 (Line Drive, 7, EV 100.0 MPH)
|
| Top of the 4th over - 0 runs, 2 hits, 0 errors, 1 left on base; Oklahoma City 0 - Gwinnett 0 |
| BOTTOM OF THE 4TH |
|
Gwinnett Braves batting - Pitching for Oklahoma City Dodgers : RHP Santiago Montero
|
|
Batting: RHB Nate Taylor
|
0-0: Ball 1-0: Called Strike 1-1: Called Strike 1-2: Strikes out looking
|
|
Batting: RHB Edgar Castillo
|
0-0: Ball 1-0: Ground out 5-3 (Groundball, 56S, EV 86.9 MPH)
|
|
Batting: LHB David Bramble
|
0-0: Swinging Strike 0-1: Ball 1-1: Foul Ball, location: 2F 1-2: Foul Ball, location: 2F 1-2: Foul Ball, location: 2F 1-2: SOLO HOME RUN (Flyball, 9LD, EV 92.5 MPH), Distance : 343 ft
|
|
Batting: SHB Bob Morales
|
0-0: Ball 1-0: SINGLE (Flyball, 8RS, EV 86.2 MPH)
|
|
Batting: SHB Brian Bagley
|
0-0: Ball 1-0: Swinging Strike 1-1: Ball 2-1: Ball 3-1: Foul Ball, location: 2F 3-2: Foul Ball, location: 2F 3-2: Strikes out looking
|
| Bottom of the 4th over - 1 run, 2 hits, 0 errors, 1 left on base; Oklahoma City 0 - Gwinnett 1 |
| TOP OF THE 5TH |
|
Oklahoma City Dodgers batting - Pitching for Gwinnett Braves : RHP Adam Reynolds
|
|
Batting: LHB Chris Fandino
|
0-0: Called Strike 0-1: Ball 1-1: Swinging Strike 1-2: Strikes out swinging
|
|
Batting: RHB Jeremy Giesler
|
0-0: Ball 1-0: Ball 2-0: Foul Ball, location: 2F 2-1: Ball 3-1: Foul Ball, location: 2F 3-2: Ground out U3 (Groundball, 34S, EV 76.9 MPH)
|
|
Batting: LHB Darrell Ortega
|
0-0: Swinging Strike 0-1: Ball 1-1: Ball 2-1: Swinging Strike 2-2: Foul Ball, location: 2F 2-2: Ball 3-2: Strikes out swinging
|
| Top of the 5th over - 0 runs, 0 hits, 0 errors, 0 left on base; Oklahoma City 0 - Gwinnett 1 |
| BOTTOM OF THE 5TH |
|
Gwinnett Braves batting - Pitching for Oklahoma City Dodgers : RHP Santiago Montero
|
|
Batting: LHB Chris Locklear
|
0-0: Foul Ball, location: 2F 0-1: Swinging Strike 0-2: SINGLE (Groundball, 6, EV 99.4 MPH)
|
|
Batting: RHB Alex Munoz
|
0-0: Called Strike Chris Locklear is caught stealing 2nd base 2-4 0-1: Ball 1-1: Swinging Strike 1-2: Foul Ball, location: 2F 1-2: Foul Ball, location: 2F 1-2: Foul Ball, location: 2F 1-2: Ball 2-2: Ball 3-2: Foul Ball, location: 2F 3-2: Foul Ball, location: 2F 3-2: Foul Ball, location: 2F 3-2: Base on Balls
|
|
Batting: RHB John Peterson
|
0-0: Ball 1-0: Ball 2-0: Fly out, F7 (Line Drive, 7S, EV 107.5 MPH)
|
|
Batting: RHB Mike Meeker
|
0-0: Called Strike 0-1: Fly out, F8 (Flyball, 8RXD, EV 91.2 MPH)
|
| Bottom of the 5th over - 0 runs, 1 hit, 0 errors, 1 left on base; Oklahoma City 0 - Gwinnett 1 |
| TOP OF THE 6TH |
|
Oklahoma City Dodgers batting - Pitching for Gwinnett Braves : RHP Adam Reynolds
|
|
Batting: RHB Mike Dodson
|
0-0: Called Strike 0-1: Fly out, F7 (Line Drive, 7S, EV 105.0 MPH)
|
|
Batting: RHB Carlos Talavera
|
0-0: Called Strike 0-1: Ground out 4-3 (Groundball, 34, EV 96.2 MPH)
|
|
Batting: RHB Curt Earnest
|
0-0: Ball 1-0: Ball 2-0: Swinging Strike 2-1: Foul Ball, location: 2F 2-2: Ball 3-2: Foul Ball, location: 2F 3-2: Ground out 5-3 (Groundball, 56, EV 80.0 MPH)
|
| Top of the 6th over - 0 runs, 0 hits, 0 errors, 0 left on base; Oklahoma City 0 - Gwinnett 1 |
| BOTTOM OF THE 6TH |
|
Gwinnett Braves batting - Pitching for Oklahoma City Dodgers : RHP Santiago Montero
|
|
Batting: RHB Nate Taylor
|
0-0: Swinging Strike 0-1: Ball 1-1: Ball 2-1: Foul Ball, location: 2F 2-2: Strikes out swinging
|
|
Batting: RHB Edgar Castillo
|
0-0: Ball 1-0: Ball 2-0: Called Strike 2-1: Ball 3-1: DOUBLE (Groundball, 5L, EV 109.4 MPH)
|
|
Batting: LHB David Bramble
|
0-0: Foul Ball, location: 2F 0-1: Ball 1-1: Swinging Strike 1-2: Strikes out swinging
|
|
Pitching: LHP Dave Burridge
|
|
|
Batting: SHB Bob Morales
|
0-0: Ball 1-0: Ball 2-0: Ball 3-0: SINGLE (Groundball, 6MS, EV 69.4 MPH) (infield hit) Edgar Castillo to third
|
|
Batting: SHB Brian Bagley
|
0-0: Foul Ball, location: 2F 0-1: Ground out 4-3 (Groundball, 34, EV 85.0 MPH)
|
| Bottom of the 6th over - 0 runs, 2 hits, 0 errors, 2 left on base; Oklahoma City 0 - Gwinnett 1 |
| TOP OF THE 7TH |
|
Oklahoma City Dodgers batting - Pitching for Gwinnett Braves : RHP Adam Reynolds
|
|
Batting: RHB Theo Schepers
|
0-0: Called Strike 0-1: Ball 1-1: Fly out, F7 (Flyball, 7LSF, EV 95.0 MPH)
|
|
Batting: LHB Jose Robles
|
0-0: Ball 1-0: Ball 2-0: Fly out, F6 (Popup, 6S, EV 82.5 MPH)
|
|
Batting: LHB Steve Pond
|
0-0: Ball 1-0: DOUBLE (Line Drive, 7LM, EV 108.1 MPH)
|
|
Batting: LHB Chris Fandino
|
0-0: Called Strike 0-1: Called Strike 0-2: Ball 1-2: Ball 2-2: Foul Ball, location: 2F 2-2: Ball 3-2: Base on Balls
|
|
Batting: RHB Jeremy Giesler
|
0-0: Called Strike 0-1: Ball 1-1: Ball Wild Pitch! Steve Pond to third Chris Fandino to second 2-1: Swinging Strike 2-2: Ball 3-2: SINGLE (Groundball, 56D, EV 105.6 MPH) Steve Pond scores Chris Fandino to third Runner from 3rd tries for Home, SAFE, throw by LF to home
|
|
Batting: LHB Darrell Ortega
|
0-0: Called Strike 0-1: Ball 1-1: Swinging Strike 1-2: Ground out U3 (Groundball, 3, EV 108.8 MPH)
|
| Top of the 7th over - 2 runs, 2 hits, 0 errors, 1 left on base; Oklahoma City 2 - Gwinnett 1 |
| BOTTOM OF THE 7TH |
|
Gwinnett Braves batting - Pitching for Oklahoma City Dodgers : LHP Dave Burridge
|
|
Batting: LHB Chris Locklear
|
0-0: Foul Ball, location: 2F 0-1: Foul Ball, location: 2F 0-2: Ball 1-2: Foul Ball, location: 2F 1-2: Ball 2-2: Strikes out swinging
|
|
Batting: RHB Alex Munoz
|
0-0: Foul Ball, location: 2F 0-1: Ball 1-1: Called Strike 1-2: Ball 2-2: SINGLE (Groundball, 6MS, EV 59.4 MPH) (infield hit)
|
|
Batting: RHB John Peterson
|
0-0: Swinging Strike 0-1: Ball 1-1: Ball 2-1: Foul Ball, location: 2F 2-2: Strikes out swinging
|
|
Batting: RHB Mike Meeker
|
0-0: Ball 1-0: Ball Alex Munoz is caught stealing 2nd base 2-4
|
| Bottom of the 7th over - 0 runs, 1 hit, 0 errors, 0 left on base; Oklahoma City 2 - Gwinnett 1 |
| TOP OF THE 8TH |
|
Oklahoma City Dodgers batting - Pitching for Gwinnett Braves : RHP Adam Reynolds
|
|
Batting: RHB Mike Dodson
|
0-0: Called Strike 0-1: Ball 1-1: Swinging Strike 1-2: Foul Ball, location: 2F 1-2: Ground out U3 (Groundball, 3, EV 85.0 MPH)
|
|
Pitching: RHP Larry Stegall
|
|
|
Batting: RHB Carlos Talavera
|
0-0: Ball 1-0: Reached on error, E1 (Groundball, 13, EV 54.4 MPH)
|
|
Batting: RHB Curt Earnest
|
0-0: Intentional Walk
|
|
Batting: RHB Theo Schepers
|
0-0: SINGLE (Line Drive, 6M, EV 105.0 MPH) Carlos Talavera to third Curt Earnest to second
|
|
Batting: LHB Jose Robles
|
0-0: Fly out, F8 (Line Drive, 8RM, EV 103.8 MPH)
|
|
Batting: LHB Steve Pond
|
0-0: Fly out, F8 (Flyball, 8LXD, EV 90.0 MPH)
|
| Top of the 8th over - 0 runs, 1 hit, 1 error, 3 left on base; Oklahoma City 2 - Gwinnett 1 |
| BOTTOM OF THE 8TH |
|
Gwinnett Braves batting - Pitching for Oklahoma City Dodgers : LHP Dave Burridge
|
|
Pitching: LHP J.P. Blair
|
|
|
Now at 1B: Robin More
|
|
|
Now at 3B: Chris Raymond
|
|
|
Batting: RHB Mike Meeker
|
0-0: Called Strike 0-1: Ball 1-1: Foul Ball, location: 2F 1-2: Strikes out swinging
|
|
Batting: RHB Nate Taylor
|
0-0: Called Strike 0-1: Foul Ball, location: 2F 0-2: Ball 1-2: Ball 2-2: Hit by Pitch
|
|
Batting: RHB Edgar Castillo
|
0-0: Bunted foul 0-1: Ball 1-1: Sac Bunt to 13 - play at first, batter OUT! 1-3 Nate Taylor to second
|
|
Pinch Hitting: RHB Ivan Ramirez
|
0-0: Ball 1-0: Ball 2-0: Called Strike 2-1: Ball 3-1: Fly out, F3 (Popup, 23F, EV 78.1 MPH)
|
| Bottom of the 8th over - 0 runs, 0 hits, 0 errors, 1 left on base; Oklahoma City 2 - Gwinnett 1 |
| TOP OF THE 9TH |
|
Oklahoma City Dodgers batting - Pitching for Gwinnett Braves : RHP Larry Stegall
|
|
Pitching: RHP Chong-hun Park
|
|
|
Now in RF: Ivan Ramirez
|
|
|
Batting: LHB Chris Fandino
|
0-0: Called Strike 0-1: Ground out 4-3 (Groundball, 4S, EV 82.5 MPH)
|
|
Batting: RHB Jeremy Giesler
|
0-0: Ground out 4-3 (Groundball, 4, EV 99.4 MPH)
|
|
Batting: LHB Darrell Ortega
|
0-0: Called Strike 0-1: Foul Ball, location: 2F 0-2: Ball 1-2: Strikes out swinging
|
| Top of the 9th over - 0 runs, 0 hits, 0 errors, 0 left on base; Oklahoma City 2 - Gwinnett 1 |
| BOTTOM OF THE 9TH |
|
Gwinnett Braves batting - Pitching for Oklahoma City Dodgers : LHP J.P. Blair
|
|
Pitching: RHP Takashi Kashiwabara
|
|
|
Batting: SHB Bob Morales
|
0-0: Foul Ball, location: 2F 0-1: Foul Ball, location: 2F 0-2: Fly out, F8 (Flyball, 8RXD, EV 97.5 MPH)
|
|
Batting: SHB Brian Bagley
|
0-0: Ball 1-0: Called Strike 1-1: Foul Ball, location: 2F 1-2: Strikes out swinging
|
|
Batting: LHB Chris Locklear
|
0-0: Called Strike 0-1: Called Strike 0-2: Ball 1-2: Ball 2-2: Ground out 6-3 (Groundball, 6, EV 90.6 MPH)
|
| Bottom of the 9th over - 0 runs, 0 hits, 0 errors, 0 left on base; Oklahoma City 2 - Gwinnett 1 |
|